 Dungeon Crawl Stone Soup version 0.31-a0-466-g98c9adc2b6 (webtiles) character file.

Game seed: 11426557992643036331

46 MisterAzrael the Chopper (level 3, -9/33 HPs)
             Began as a Hill Orc Monk on Aug 5, 2023.
             Splashed by a jelly's acid (11 damage)
             ... on level 3 of the Dungeon.
             The game lasted 00:02:06 (1198 turns).

MisterAzrael the Chopper (Hill Orc Monk)            Turns: 1198, Time: 00:02:06

Health: -9/33      AC: -5    Str: 15    XL:     3   Next: 66%
Magic:  3/3        EV: 12    Int: 10    God:
Gold:   49         SH:  0    Dex: 13    Spells: 2/2 levels left

rFire   . . .        a - +0 hand axe
rCold   . . .        d - orb {light}
rNeg    . . .        b - +0 robe
rPois   .            f - +0 helmet
rElec   .            (no cloak)
rCorr   .            (no gloves)
SInv    .            (no boots)
Will    .....        (no amulet)
Stlth   +            g - ring of wizardry
HPRegen 0.25/turn    (no ring)
MPRegen 0.08/turn

%: wizardry (x1)
@: confused, ambrosia-drunk, corroded, glowing
A: no striking features
a: no special abilities


You were on level 3 of the Dungeon.
You visited 1 branch of the dungeon, and saw 4 of its levels.

You collected 49 gold pieces.

Inventory:

Hand Weapons
 a - a +0 hand axe (weapon)
 e - a +0 arbalest
Armour
 b - a +0 robe (worn)
 d - an orb of light (worn)
 f - a +0 helmet (worn)
Jewellery
 g - a ring of wizardry (left hand)
Scrolls
 i - a scroll of fear {unknown}
 j - a scroll of identify {unknown}
Potions
 h - a potion of haste {unknown}
 k - a potion of might {unknown}
 l - a potion of resistance {unknown}


   Skills:
 + Level 4.2 Fighting
 + Level 4.7 Axes
 + Level 2.8 Dodging
 + Level 0.4 Spellcasting


You had 2 spell levels left.
You didn't know any spells.
Your spell library was empty.

Dungeon Overview and Level Annotations

Branches:
Dungeon (4/15)
 Temple: D:4-7

Altars:

Shops:
D:2 ?


Message History

The gnoll shouts!
The jelly quivers.
The jelly moves out of view.
A gnoll bouda comes into view. It is wielding a +0 whip.
Found a stone staircase leading up.
The gnoll bouda shouts!
The gnoll bouda gazes fiercely through you!
You feel your attacks grow feeble. The hobgoblin barely misses you.
The gnoll shouts!
You hit the hobgoblin but do no damage. The hobgoblin closely misses you.
You barely miss the hobgoblin.
An adder comes into view.
The hobgoblin closely misses you. The gnoll closely misses you.
You hit the jelly. The acid corrodes you!
Your hands burn!
The jelly is moderately wounded.
You hit the hobgoblin but do no damage.
An ogre comes into view. It is wielding a +0 giant spiked club.
An endoplasm comes into view.
The jelly hits you. The acid corrodes you!
You are splashed with acid!
The gnoll hits you from afar with a +0 spear.
The hobgoblin hits you. The jelly hits you.
You are splashed with acid!
* * * LOW HITPOINT WARNING * * *
There is a stone staircase leading up here.
The ogre shouts!
The jelly barely misses you. The hobgoblin hits you.
* * * LOW HITPOINT WARNING * * *
You climb upwards.
Your attacks no longer feel as feeble.
Found a scroll labelled WEQAGO BAAMIOR and a glowing halberd.
There is a stone staircase leading down here.
Okay, then.
You are confused.
You feel invigorated. The jelly barely misses you. The hobgoblin hits you.
* * * LOW HITPOINT WARNING * * *
The jelly attacks as you move away! The jelly hits you.
* * * LOW HITPOINT WARNING * * *
You are splashed with acid!
You die...

#
#.#######
#.......#
#....@..#
#....Jg.#
#......?#
#.......#
#..l.....
#.....).##
#########


You could see a jelly, a hobgoblin and a frilled lizard.

Vanquished Creatures
  An ufetubus (D:4)
  2 worms
  A dart slug (D:1)
  An endoplasm (D:2)
  3 giant cockroaches (D:1)
  7 goblins
  A quokka (D:1)
  3 ball pythons
  A bat (D:1)
  A frilled lizard (D:2)
  6 kobolds
  4 rats
31 creatures vanquished.

Notes
Turn   | Place    | Note
-------+----------+-------------------------------------------
     0 | D:1      | MisterAzrael the Hill Orc Monk began the quest for the Orb.
     0 | D:1      | Reached XP level 1. HP: 19/19 MP: 1/1
   120 | D:1      | Reached XP level 2. HP: 22/27 MP: 2/2
   602 | D:2      | Reached XP level 3. HP: 20/33 MP: 3/3
   826 | D:2      | Found Syria's Magic Scroll Shop.
   894 | D:2      | You fall into a shaft and drop 2 floors!
  1193 | D:4      | Noticed an ogre
  1198 | D:3      | Splashed by a jelly's acid

Illustrated notes

Levels and vault maps discovered:
D:1:      lightli_arrival_boilingwater, layout_loops_ring
D:2:      layout_loops_ring, serial_shops, shop_statue,
          nicolae_shop_statue_plus, nicolae_shop_hallway_plus, shop,
          nicolae_shop_rolled_up, serial_glass, glass_columns_b, glass_columns_b
D:3:      layout_loops_cross, nemelex_diamond_rough_becter,
          gammafunk_ghost_nasty_kobolds, hangedman_decor_lopped,
          minmay_stone_trees_medium
D:4:      layout_basic

Skill      XL: |  1  2 |
---------------+-------+-----
Fighting       | 4 |  4.2
Axes           | |  4.7
Dodging        | |  2.8
Spellcasting   | |  0.4

Action                     || total
---------------------------++-------
  Melee: Hand axe          ||   103
   Fire: Arbalest          ||     1
    Use: Potion            ||     1
 Armour: Robe              ||    25
  Dodge: Dodged            ||    66

Table legend: (Time is in decaauts)
 A = Elapsed time spent in this place.
 B = Non-inter-level travel time spent in this place.
 C = Inter-level travel time spent in this place.
 D = Time resting spent in this place.
 E = Time spent auto-exploring this place.
 F = Levels seen in this place.
 G = Mean time per level.
                   A        B        C        D        E       F      G
               +--------+--------+--------+--------+--------+-----+--------+
         Total |   1206 |   1185 |     21 |    428 |    517 |   4 |  301.5 |
       Dungeon |   1206 |   1185 |     21 |    428 |    517 |   4 |  301.5 |
               +--------+--------+--------+--------+--------+-----+--------+

Top non-repeatable levels by time:
     D:1: 580 daAuts
     D:2: 321 daAuts
     D:4: 303 daAuts
     D:3: 1 daAuts
